 Dungeon Crawl Stone Soup version 0.21.1-1-g345015fe64 (webtiles) character file.

1115 HessuHobo the Slasher (level 8, -7/60 HPs)
             Began as a Human Fighter on May 23, 2018.
             Killed from afar by an electric eel (11 damage)
             ... with a bolt of electricity
             ... on level 5 of the Dungeon.
             The game lasted 00:10:23 (5948 turns).

HessuHobo the Slasher (Human Fighter)               Turns: 5948, Time: 00:10:24

Health: -7/60      AC: 11    Str: 14 (16) XL:     8   Next: 60%
Magic:  8/8        EV:  7    Int:  8 (9)  God:
Gold:   288        SH:  9    Dex: 12 (15) Spells: 7/7 levels left

rFire    . . .     SeeInvis .   q - +2 long sword (freeze)
rCold    + . .     Gourm    .   c - +0 shield
rNeg     . . .     Faith    .   d - +1 scale mail {rC+}
rPois    .         Spirit   .   (no helmet)
rElec    .         Reflect  .   (no cloak)
rCorr    .         Harm     .   (no gloves)
MR       .....                  g - +2 pair of boots
Stlth    ..........             (no amulet)
HPRegen  0.20/turn              (no ring)
MPRegen  0.11/turn              (no ring)

@: no status effects
A: no striking features
a: no special abilities


You were on level 5 of the Dungeon.
You were not hungry.

You visited 1 branch of the dungeon, and saw 5 of its levels.

You collected 288 gold pieces.

Inventory:

Hand Weapons
 a - a +0 long sword
 q - a +2 long sword of freezing (weapon)
Armour
 b - a +0 scale mail
 c - a +0 shield (worn)
 d - a +1 scale mail of cold resistance (worn)
 g - a +2 pair of boots (worn)
 k - a +0 ring mail
 n - a +1 hat
Jewellery
 i - an uncursed ring of protection from cold {unknown}
 j - a cursed ring of loudness {unknown}
 p - an uncursed amulet of regeneration {unknown}
 s - a +3 ring of evasion {unknown}
 u - an uncursed amulet of magic regeneration {unknown}
 v - an uncursed ring of protection from magic {unknown}
 w - a +3 ring of strength {unknown}
 A - a cursed ring of teleportation {unknown}
Wands
 l - a wand of enslavement (9)
 C - a wand of flame (14)
Scrolls
 o - a scroll of remove curse
 r - a scroll of blinking
 t - 3 scrolls of teleportation
 x - a scroll of identify
 y - a scroll of amnesia
Potions
 h - 3 potions of curing
 m - 2 potions of heal wounds
 z - a potion of ambrosia {unknown}
 B - 2 potions of invisibility {unknown}
Books
 e - a book of Air

   Spells                             Type                      Level
   a - Shock                          Conjuration/Air              1
   b - Swiftness                      Charms/Air                   2
   c - Static Discharge               Conjuration/Air              3
   d - Airstrike                      Air                          4
   e - Lightning Bolt                 Conjuration/Air              5
Comestibles
 f - 9 rations


   Skills:
 + Level 4.1 Fighting
 * Level 6.9 Long Blades
 * Level 5.9 Armour
 + Level 4.5 Shields


You had 7 spell levels left.
You didn't know any spells.

Dungeon Overview and Level Annotations

Branches:
Dungeon (5/15)
 Temple: D:4-7

Altars:
Cheibriados
Dithmenos
Gozag
Ru
Zin

Annotations:
D:5 1 transporter


Message History

The electric eel shoots out a bolt of lightning at you!
The bolt of electricity hits you! x2; The bolt of electricity hits the plant.
The electric eel shoots out a bolt of lightning at you!
The bolt of electricity hits you!
There is an open door here.
The electric eel shoots out a bolt of lightning at you!
The bolt of electricity hits you!
The bolt of electricity hits the electric eel.
The electric eel completely resists.
You are too injured to fight recklessly!
You are too injured to fight recklessly!
The electric eel shoots out a bolt of lightning at you!
The bolt of electricity hits you!
* * * LOW HITPOINT WARNING * * *
The bolt of electricity hits you!
* * * LOW HITPOINT WARNING * * *
The bolt of electricity hits the plant.
The electric eel shoots out a bolt of lightning at you!
The bolt of electricity hits you!
You die...

##..#.#.###+###.###########.
#..#.#.#≈P≈≈≈#.#...........
#..#.#.#≈≈P≈≈#.#.##########
#....#.#≈≈≈≈≈#....).......#
####..#.#≈≈♣≈≈#........<...#
#####..)..#.#≈P;P≈#............#
##........>#.#≈...≈#.############
...........#.#;...≈#.#<##########
...........#.###@###...........##
......####.#.#P...P#...........##
.....###...#.#8.©.8#...........##
.#######.#.#.#######...........#
.........#.#....©..............#
#####......####...###..........#
............).......'..........#
#.###.###############..........#
....#...# ####################


You could see 2 electric eels.

Vanquished Creatures
  The ghost of Alipheese the Tainter, an amateur NaVM (D:5)
  The ghost of melvik the Magician, an amateur SpEE (D:4)
  An ogre (D:5)
  A necrophage (D:5)
  A bullfrog (D:5)
  A howler monkey (D:4)
  A crimson imp (D:5)
  2 orc priests
  Ijyb (D:5)
  A bullfrog skeleton (D:5)
  Natasha (twice) (D:2)
  An iguana (D:4)
  An orc wizard (D:5)
  A worker ant (D:4)
  4 gnolls (D:4)
  6 adders
  An ooze (D:3)
  2 adder skeletons
  2 worms
  3 dart slugs
  8 leopard geckos
  13 orcs
  9 giant cockroaches
  7 goblins
  5 hobgoblins
  7 jackals (D:3)
  7 kobolds
  A quokka (D:3)
  A ball python (D:2)
  6 bats
  7 frilled lizards
  9 rats
114 creatures vanquished.

Notes
Turn   | Place    | Note
-------+----------+-------------------------------------------
     0 | D:1      | HessuHobo the Human Fighter began the quest for the Orb.
     0 | D:1      | Reached XP level 1. HP: 18/18 MP: 1/1
    32 | D:1      | Reached XP level 2. HP: 22/24 MP: 2/2
   493 | D:1      | Reached XP level 3. HP: 27/29 MP: 3/3
  1377 | D:2      | Found a glowing silver altar of Zin.
  1377 | D:2      | Noticed an angel
  1439 | D:2      | Found a snail-covered altar of Cheibriados.
  1520 | D:2      | Reached XP level 4. HP: 32/35 MP: 4/4
  1760 | D:2      | Noticed Natasha
  1771 | D:2      | Killed Natasha
  1771 | D:2      | Reached skill level 3 in Long Blades
  1797 | D:2      | Noticed Natasha
  1818 | D:2      | Killed Natasha
  1818 | D:2      | Reached XP level 5. HP: 18/41 MP: 5/5
  2843 | D:3      | Found a sacrificial altar of Ru.
  2943 | D:3      | Reached XP level 6. HP: 47/47 MP: 6/6
  3015 | D:3      | Found a shadowy altar of Dithmenos.
  3450 | D:4      | Reached skill level 4 in Long Blades
  3739 | D:4      | Noticed melvik's ghost (amateur SpEE)
  3766 | D:4      | Killed melvik's ghost
  3766 | D:4      | Reached skill level 5 in Long Blades
  3766 | D:4      | Reached skill level 5 in Armour
  3766 | D:4      | Reached XP level 7. HP: 22/53 MP: 7/7
  4257 | D:5      | Entered Level 5 of the Dungeon
  4269 | D:5      | Found a transporter.
  4272 | D:5      | Found a transporter.
  4712 | D:5      | Found an opulent altar of Gozag.
  4774 | D:5      | Reached skill level 6 in Long Blades
  4774 | D:5      | Reached XP level 8. HP: 56/58 MP: 8/8
  4834 | D:5      | Noticed Alipheese's ghost (amateur NaVM)
  4862 | D:5      | Killed Alipheese's ghost
  5102 | D:5      | Noticed Ijyb
  5125 | D:5      | Killed Ijyb
  5948 | D:5      | Killed from afar by an electric eel

Skill      XL: |  1  2  3  4  5  6  7  8 |
---------------+-------------------------+-----
Long Blades    | 3 5 6 |  6.9
Armour         | 4 5 |  5.9
Shields        | 4 |  4.5
Fighting       | 4 |  4.1

Action                   |  1- 3 |  4- 6 |  7- 9 || total
-------------------------+-------+-------+-------++-------
Melee: Long sword        |   129 |   187 |   130 ||   446
  Use: Scroll            |     7 |     3 |     3 ||    13
       Potion            |       |     3 |     4 ||     7
  Eat: Chunk             |     2 |     7 |     2 ||    11
       Ration            |       |       |     2 ||     2
Armor: Scale mail        |    68 |    93 |    42 ||   203
       Skin              |       |       |     6 ||     6
Dodge: Dodged            |    32 |    67 |    21 ||   120
Block: Shield            |    76 |    98 |    49 ||   223
       Rpst.: Long sword |     9 |    21 |     2 ||    32
